 Dungeon Crawl Stone Soup version 0.19.0-18-g426998a (console) character file.

70 OvidiusNaso the Conjurer (level 4, 0/33 HPs)
             Began as a Human Conjurer on Nov 11, 2016.
             Slain by Sigmund
             ... wielding a +6 scythe of slicing
              (3 damage)
             ... on level 3 of the Dungeon.
             The game lasted 00:18:45 (1605 turns).

OvidiusNaso the Conjurer (Human Conjurer)           Turns: 1605, Time: 00:18:46

Health: 0/33       AC:  4    Str:  8    XL:     4   Next: 44%
Magic:  7/7        EV: 13    Int: 16    God:
Gold:   91         SH:  0    Dex: 14    Spells: 1 memorised, 6 levels left

rFire  . . .     SeeInvis .     d - +0 short sword
rCold  . . .     Gourm    .     a - +0 robe
rNeg   . . .     Faith    .     (no shield)
rPois  .         Spirit   .     (no helmet)
rElec  .         Reflect  .     i - +0 cloak
rCorr  .         Harm     .     (no gloves)
MR     .....                    e - +0 pair of boots
Stlth  ++........               (no amulet)
                                (no ring)
                                (no ring)

@: no status effects
A: no striking features
a: no special abilities


You were on level 3 of the Dungeon.
You were not hungry.

You visited 1 branch of the dungeon, and saw 3 of its levels.

You collected 91 gold pieces.

Inventory:

Hand Weapons
 d - a +0 short sword (weapon)
 o - a +0 hunting sling
 q - a +0 spear
 u - a +0 club
Armour
 a - a +0 robe (worn)
 e - a +0 pair of boots (worn)
 i - a +0 cloak (worn)
 k - a +0 robe
Jewellery
 f - a +5 ring of slaying
 s - a +2 ring of strength
Wands
 w - a wand of lightning (0/15)
Scrolls
 h - a scroll of enchant weapon {unknown}
 j - a scroll of remove curse {unknown}
 l - a scroll of noise {unknown}
 p - 2 scrolls of teleportation {unknown}
Potions
 g - 2 potions of curing
 m - 2 potions of flight {unknown}
 n - a potion of lignification {unknown}
 r - a potion of haste {unknown}
 v - a potion of resistance {unknown}
Books
 b - a book of Conjurations

   Spells                             Type                      Level
   a - Magic Dart                     Conjuration                  1
   b - Searing Ray                    Conjuration                  2
   c - Dazzling Spray                 Conjuration/Hexes            3
   d - Fulminant Prism                Conjuration/Hexes            4
   e - Iskenderun's Mystic Blast      Conjuration                  4
   f - Iskenderun's Battlesphere      Conjuration/Charms           5
Comestibles
 c - 4 bread rations
 t - a chunk of flesh


   Skills:
 * Level 2.0 Fighting
 + Level 2.8 Dodging
 - Level 2.0 Stealth
 + Level 2.3 Spellcasting
 + Level 4.4 Conjurations


You had 6 spell levels left.
You knew the following spells:

 Your Spells              Type           Power        Failure   Level  Hunger
a - Magic Dart            Conj           ###.         4%          1    #......


Dungeon Overview and Level Annotations

Branches:
Dungeon (3/15)

Altars:
Ashenzari
Cheibriados
Elyvilon
Fedhas
Kikubaaqudgha
Makhleb
Nemelex Xobeh
Xom
The Shining One

Annotations:
D:3 Sigmund


Message History

You hear a bark!
You hear a shout!
You hear some strange, mumbled words.
You are confused.
You hear some strange, mumbled words.
Something tries to affect you, but you resist.
You bump into the rock wall.
Something hits you!
* * * LOW HITPOINT WARNING * * *
x2 It was a potion of curing.
You feel better.
Evoke which item? (* to show all) (? for menu, Esc to quit)
Zapping:
w - a wand of lightning {zapped: 9} (will waste charges)
Press: ? - help, Shift-Dir - straight line You hear a mighty clap of thunder!
The bolt of lightning hits the jackal.
You kill the jackal!
Your Fighting skill increases to level 2!
Evoking this partially-identified wand wasted a few charges.
You hear a shout! x2
Something hits you but does no damage. Something hits you!
* * * LOW HITPOINT WARNING * * *
You die...

.......#.. .# ###
#......#.##.#.# #>.
.......+....#.# #.#
......#....#.# #.#
............# #.#
#.........# #.#
#........##
#.########.........##
#†..@................
#.########.#####.#.##
#.########.# #....#
#h...h.....# #....#
############ #.....
#...#. #.###. #.# #.
#.# ## ####.####
#........


There were no monsters in sight!

Vanquished Creatures
  Ijyb (D:2)
  An ooze (D:2)
  A dart slug (D:2)
  5 bats
  2 giant cockroaches (D:2)
  6 hobgoblins
  3 jackals (D:3)
  A ball python (D:1)
  4 frilled lizards
  4 goblins
  4 kobolds
  7 rats
39 creatures vanquished.

Notes
Turn   | Place    | Note
-------+----------+-------------------------------------------
     0 | D:1      | OvidiusNaso the Human Conjurer began the quest for the Orb.
     0 | D:1      | Reached XP level 1. HP: 13/13 MP: 3/3
     2 | D:1      | Noticed a tengu
     2 | D:1      | Noticed a merfolk
     4 | D:1      | Noticed a formicid
     6 | D:1      | Noticed a naga
     6 | D:1      | Noticed a gargoyle
     8 | D:1      | Noticed a dwarf
     8 | D:1      | Noticed a minotaur
    10 | D:1      | Noticed a halfling
    10 | D:1      | Noticed an octopode
    12 | D:1      | Noticed an ogre
    14 | D:1      | Noticed a spriggan
    14 | D:1      | Noticed a demonspawn
    16 | D:1      | Noticed a draconian
    16 | D:1      | Noticed a vampire
    18 | D:1      | Noticed an elf
    20 | D:1      | Noticed a felid
    20 | D:1      | Noticed a demigod
    22 | D:1      | Noticed a troll
    22 | D:1      | Noticed a human
    24 | D:1      | Noticed a ghoul
    26 | D:1      | Noticed a centaur
    26 | D:1      | Noticed a vine stalker
   244 | D:1      | Reached XP level 2. HP: 19/19 MP: 1/5
   699 | D:2      | Reached skill level 1 in Fighting
   699 | D:2      | Reached XP level 3. HP: 12/26 MP: 1/6
   957 | D:2      | Found a shattered altar of Ashenzari.
  1046 | D:2      | Found a shimmering altar of Xom.
  1052 | D:2      | Found a glowing golden altar of the Shining One.
  1052 | D:2      | Found a sparkling altar of Nemelex Xobeh.
  1052 | D:2      | Found a snail-covered altar of Cheibriados.
  1062 | D:2      | Found an ancient bone altar of Kikubaaqudgha.
  1066 | D:2      | Found a burning altar of Makhleb.
  1067 | D:2      | Found a blossoming altar of Fedhas.
  1329 | D:3      | Noticed Ijyb
  1406 | D:2      | Killed Ijyb
  1406 | D:2      | Reached XP level 4. HP: 16/33 MP: 0/7
  1521 | D:3      | Found a white marble altar of Elyvilon.
  1569 | D:3      | Noticed Sigmund
  1600 | D:3      | HP: 1/33 [something (4)]
  1605 | D:3      | Slain by Sigmund

Skill      XL: |  1  2  3  4 |
---------------+-------------+-----
Fighting       | 1 2 |  2.0
Dodging        | |  2.8
Stealth        | |  2.0
Spellcasting   | |  2.3
Conjurations   | |  4.4

Action                   |  1- 3 |  4- 6 || total
-------------------------+-------+-------++-------
Melee: Short sword       |    41 |     1 ||    42
 Cast: Magic Dart        |    66 |    11 ||    77
Evoke: Wand              |       |     4 ||     4
  Use: Potion            |       |     1 ||     1
  Eat: Beef jerky        |     1 |       ||     1
       Chunk             |       |     2 ||     2
Armor: Robe              |     8 |     8 ||    16
Dodge: Dodged            |    27 |     9 ||    36
